 Dungeon Crawl Stone Soup version 0.19.0-22-gd96e5fe (webtiles) character file.

95 tomat the Magician (level 4, -2/27 HPs)
             Began as a High Elf Wizard on Nov 19, 2016.
             Slain by a phantom (9 damage)
             ... on level 3 of the Dungeon.
             The game lasted 00:12:48 (1814 turns).

tomat the Magician (High Elf Wizard)                Turns: 1814, Time: 00:12:54

Health: -2/27      AC:  2    Str:  4 (6)  XL:     4   Next: 40%
Magic:  1/12       EV: 13    Int: 21 (23) God:
Gold:   81         SH:  0    Dex: 13 (16) Spells: 4 memorised, 5 levels left

rFire  . . .     SeeInvis .     h - +0 short sword
rCold  . . .     Gourm    .     a - +0 robe
rNeg   . . .     Faith    .     (no shield)
rPois  .         Spirit   .     b - +0 hat
rElec  .         Reflect  .     (no cloak)
rCorr  .         Harm     .     (no gloves)
MR     .....                    (no boots)
Stlth  ++........               (no amulet)
                                (no ring)
                                e - +3 ring of dexterity

@: very slightly contaminated
A: no striking features
a: no special abilities


You were on level 3 of the Dungeon.
You were hungry.

You visited 1 branch of the dungeon, and saw 3 of its levels.

You collected 81 gold pieces.

Inventory:

Hand Weapons
 h - a +0 short sword (weapon)
Armour
 a - a +0 robe (worn)
 b - a +0 hat (worn)
Jewellery
 e - a +3 ring of dexterity (left hand)
Scrolls
 k - a scroll of teleportation
Potions
 f - a potion of magic
 i - a potion of lignification {unknown}
Books
 c - a book of Minor Magic

   Spells                             Type                      Level
   a - Magic Dart                     Conjuration                  1
   b - Blink                          Translocation                2
   c - Call Imp                       Summoning                    2
   d - Repel Missiles                 Charms/Air                   2
   e - Slow                           Hexes                        2
   f - Conjure Flame                  Conjuration/Fire             3
   g - Mephitic Cloud                 Conjuration/Poison/Air       3
Comestibles
 d - a bread ration
 g - a beef jerky


   Skills:
 + Level 0.4 Fighting
 + Level 0.2 Short Blades
 + Level 2.5 Dodging
 + Level 2.5 Stealth
 + Level 5.2 Spellcasting
 + Level 1.7 Conjurations
 + Level 1.1 Summonings
 + Level 1.1 Translocations


You had 5 spell levels left.
You knew the following spells:

 Your Spells              Type           Power        Failure   Level  Hunger
a - Magic Dart            Conj           ##..         6%          1    None
b - Call Imp              Summ           ##......     12%         2    None
c - Conjure Flame         Conj/Fire      #.......     24%         3    ##.....
d - Blink                 Tloc           N/A          12%         2    None


Dungeon Overview and Level Annotations

Branches:
Dungeon (3/15)

Altars:


Message History

Press: ? - help, Shift-Dir - straight line, f/p - gnoll
Aim: a gnoll, wielding a spear The magic dart hits the phantom.
The phantom is lightly damaged.
The gnoll closely misses you.
The gnoll hits you from afar with a spear.
Your crimson imp hits the phantom.
The phantom barely misses you.
Casting: Magic Dart
Confirm with . or Enter, or press ? or * to list all spells.
Aiming: Magic Dart
Press: ? - help, Shift-Dir - straight line, f/p - gnoll
Aim: a gnoll, wielding a spear The magic dart hits the phantom.
The phantom is lightly damaged.
The gnoll hits you from afar with a halberd!
* * * LOW HITPOINT WARNING * * *
The gnoll closely misses you.
Your crimson imp blinks!
The phantom hits you!
You die...

## ## #.. . ..
#.. #.#. #.#
###.#. #.# #
....g #.#.#
#.gg #.#.#
#.##..W####..#
#.....ยง@...)#
####.......##
##.5####.##
..... ##.#
###.........#
...#######..
##.# .... #.
..... ...#.


You could see a phantom, 3 gnolls and a friendly crimson imp.

Vanquished Creatures
  4 adders (D:2)
  An ooze (D:1)
  A dart slug (D:2)
  6 bats
  2 giant cockroaches
  3 goblins (D:2)
  2 hobgoblins (D:1)
  A jackal (D:2)
  6 kobolds
  A frilled lizard (D:1)
  2 rats
29 creatures vanquished.

Vanquished Creatures (collateral kills)
  2 adders (D:2)
  An ooze (D:2)
  A dart slug (D:2)
  3 bats (D:2)
  A hobgoblin (D:2)
  2 jackals (D:2)
  2 frilled lizards (D:2)
  A rat (D:2)
13 creatures vanquished.

Grand Total: 42 creatures vanquished

Notes
Turn   | Place    | Note
-------+----------+-------------------------------------------
     0 | D:1      | tomat the High Elf Wizard began the quest for the Orb.
     0 | D:1      | Reached XP level 1. HP: 11/11 MP: 6/6
    71 | D:1      | Reached skill level 4 in Spellcasting
   172 | D:1      | Reached XP level 2. HP: 11/17 MP: 1/8
   837 | D:1      | Learned a level 2 spell: Call Imp
   982 | D:2      | Reached skill level 1 in Summonings
   982 | D:2      | Reached XP level 3. HP: 17/21 MP: 0/10
  1102 | D:2      | Reached skill level 5 in Spellcasting
  1218 | D:2      | Reached XP level 4. HP: 13/27 MP: 7/12
  1246 | D:2      | Learned a level 3 spell: Conjure Flame
  1378 | D:2      | Learned a level 2 spell: Blink
  1807 | D:3      | Noticed a phantom
  1814 | D:3      | Slain by a phantom

Skill      XL: |  1  2  3 |
---------------+----------+-----
Spellcasting   | 4 5 |  5.2
Summonings     | 1 |  1.1
Fighting       | |  0.4
Short Blades   | |  0.2
Dodging        | |  2.5
Stealth        | |  2.5
Conjurations   | |  1.7
Translocations | |  1.1

Action                   |  1- 3 |  4- 6 || total
-------------------------+-------+-------++-------
Melee: Short sword       |    14 |    13 ||    27
 Cast: Magic Dart        |    65 |    35 ||   100
       Call Imp          |     4 |     3 ||     7
       Conjure Flame     |       |     1 ||     1
       Blink             |       |     1 ||     1
  Use: Potion            |     2 |     1 ||     3
       Scroll            |     1 |     4 ||     5
  Eat: Chunk             |     1 |     1 ||     2
Armor: Robe              |    11 |    13 ||    24
Dodge: Dodged            |    32 |    55 ||    87
